AoeStats
← ROBINLACHIENNE

Arabia

504833582Analyzed
1v1 RM · 25d ago on Sep 6, 2026· 35m 35s· 2 players
Game mode
Random Map
Map size
Tiny (2 player)
Population
200
Speed
Normal
Resources
Standard
Victory
Conquest
Starting age
Dark Age
Ending age
Imperial Age
RankedLock teamsTeams togetherTeam positionsShared explorationLock speedFull tech treeHidden civsTurbo modeCheats
Victory
Defeat
🇨🇴 Mongols · Colombia
1267
+18
🇫🇷 Khitans · France
1305
-18
Jors
6:23 Loom
9:03 Feudal Age
9:07 Man-at-Arms
9:41 Double-Bit Axe
14:07 Fletching
15:27 Padded Archer Armor
22:42 Castle Age
22:02 Scale Barding Armor
22:07 Forging
21:56 Horse Collar
23:00 Bloodlines
24:07 Bow Saw
25:36 Chain Barding Armor
27:23 Husbandry
28:40 Iron Casting
33:28 Stone Mining
ROBINLACHIENNE
6:13 Loom
9:03 Feudal Age
9:38 Double-Bit Axe
11:55 Town Watch
15:58 Fletching
19:18 Padded Archer Armor
23:10 Castle Age
23:15 Crossbowman
24:38 Thumb Ring
24:31 Bodkin Arrow
24:38 Gold Mining
30:51 Leather Archer Armor
32:31 Heavy Cavalry Archer
35:53 Husbandry
Connection lost

Rejoining the realm…

Still unreachable

The connection could not be restored.

Session expired

The server has moved on; the page needs a fresh start.